 Dungeon Crawl Stone Soup version 0.23-a0-378-gd7a6ca6 (console) character file.

40 bli the Poker (level 3, -3/29 HPs)
             Began as a Merfolk Monk on Oct 27, 2018.
             Slain by a sky beast (4 damage)
             ... on level 2 of the Dungeon.
             The game lasted 00:04:37 (1216 turns).

bli the Poker (Merfolk Monk)                        Turns: 1216, Time: 00:04:38

Health: -3/29      AC:  2    Str: 11    XL:     3   Next: 50%
Magic:  12/12      EV: 14    Int:  9    God:
Gold:   59         SH:  0    Dex: 17    Spells: 2/2 levels left

rFire    x . .     SeeInvis .   a - +0 spear
rCold    + . .     Gourm    .   (no shield)
rNeg     . . .     Faith    .   f - +0 robe
rPois    .         Spirit   .   (no helmet)
rElec    .         Reflect  .   (no cloak)
rCorr    .         Harm     .   (no gloves)
MR       .....                  (no boots)
Stlth    ++........             (no amulet)
HPRegen  0.09/turn              n - ring of ice
MPRegen  0.13/turn              o - ring of magical power

@: lethally poisoned (-3 -> -6)
A: change form in water, swift swim, stealthy swim
a: no special abilities


You were on level 2 of the Dungeon.
You were not hungry.

You visited 1 branch of the dungeon, and saw 2 of its levels.

You collected 59 gold pieces.

Inventory:

Hand Weapons
 a - a +0 spear (weapon)
 b - a +1 hunting sling of freezing
Missiles
 i - 36 stones (quivered)
 k - 6 tomahawks
Armour
 f - a +0 robe (worn)
Jewellery
 n - a ring of ice (left hand)
 o - a ring of magical power (right hand)
Scrolls
 d - 2 scrolls of magic mapping {unknown}
 j - a scroll of random uselessness {unknown}
 l - a scroll of remove curse {unknown}
 m - a scroll of identify {unknown}
Potions
 e - a potion of curing {unknown}
 g - 2 potions of heal wounds {unknown}
 p - a potion of haste {unknown}
Comestibles
 c - 2 rations
 q - 2 chunks of flesh


   Skills:
 + Level 3.3 Fighting
 * Level 6.4 Polearms
 - Level 4.0 Dodging
 - Level 2.1 Stealth


You had 2 spell levels left.
You didn't know any spells.
Your spell library was empty.

Dungeon Overview and Level Annotations

Branches:
Dungeon (2/15)

Altars:


Message History

Firing (i - inventory. (/) - cycle)
i - 37 stones (quivered)
Press: ? - help, Shift-Dir - straight line, f/p - sky beast
Aim: a sky beast You shoot a stone.
The stone hits the sky beast.
The stone freezes the sky The sky beast is lightly wounded.
The sky beast flickers out of sight!
Deactivating autopickup; reactivate with Ctrl-A.
Your +1 hunting sling of freezing stops glowing.
a - a +0 spear (weapon)
Something hits you. Something shocks you.
You hit the adder but do no damage. The adder bites you.
You are poisoned.
The adder poisons you! Something hits you. Something shocks you.
You closely miss the adder.
You feel sick. The adder closely misses you.
* * * LOW HITPOINT WARNING * * *
Something shocks you.
* * * LOW HITPOINT WARNING * * *
You miss the adder. The adder barely misses you.
You closely miss the adder. The adder closely misses you. Something hits you.
You die...

#.............
#.....(........
#...........(..
##....(.........
##...((.([..(.... #
#...(........... #
#..(...S........ #
#.(.....@..# #
###........(.# #
###.รท..........#
#####.............##
.......##..........#
##...####..........#
##.### #..........#
...# #..........#
#### #..........# #
##........##
#.......##


You could see an adder.

Vanquished Creatures
  An adder (D:2)
  A worm (D:2)
  2 dart slugs (D:2)
  2 giant cockroaches (D:2)
  2 goblins (D:1)
  3 hobgoblins
  2 ball pythons (D:2)
  5 bats
  3 frilled lizards
  3 kobolds (D:2)
  2 rats (D:1)
26 creatures vanquished.

Notes
Turn   | Place    | Note
-------+----------+-------------------------------------------
     0 | D:1      | bli the Merfolk Monk began the quest for the Orb.
     0 | D:1      | Reached XP level 1. HP: 18/18 MP: 1/1
   237 | D:1      | Reached skill level 5 in Polearms
   367 | D:1      | Reached XP level 2. HP: 24/24 MP: 2/2
   853 | D:2      | Reached skill level 6 in Polearms
   853 | D:2      | Reached XP level 3. HP: 17/29 MP: 3/3
  1172 | D:2      | Noticed a sky beast
  1214 | D:2      | HP: 1/29 [something (6)]
  1216 | D:2      | Slain by a sky beast

Vault maps used:
D:1:      minmay_arrival_stair_chambers, minmay_misc_feat_more_columns
D:2:      nicolae_overflow_crystal_walls, kennysheep_potato

Skill      XL: |  1  2 |
---------------+-------+-----
Polearms       | 5 6 |  6.4
Fighting       | |  3.3
Dodging        | |  4.0
Stealth        | |  2.1

Action                   || total
-------------------------++-------
Melee: Spear             ||    82
 Fire: Hunting sling     ||    24
Throw: Stone             ||     1
 Stab: Sleeping          ||     2
  Eat: Chunk             ||     1
Armor: Robe              ||     6
Dodge: Dodged            ||    40

Table legend:
 A = Non-vault XP
 B = Vault XP
 C = Vault XP percentage of total XP
 D = Non-vault monster count
 E = Vault monster count
 F = Vault count percentage of total count
                 A         B        C        D         E       F
            +---------+---------+-------+---------+---------+-------
      Total |      58 |       0 |   0.0 |      26 |       0 |   0.0
            +---------+---------+-------+---------+---------+-------
        D:1 |      14 |       0 |   0.0 |      10 |       0 |   0.0
        D:2 |      44 |       0 |   0.0 |      16 |       0 |   0.0
            +---------+---------+-------+---------+---------+-------
